 Dungeon Crawl Stone Soup version 0.27-a0-869-g165b36e3f0 (webtiles) character file.

Game seed: 13504623396252029989

4 Rhah the Stinger (level 1, 0/9 HPs)
             Began as a Spriggan Venom Mage on Apr 2, 2021.
             Slain by an endoplasm (1 damage)
             ... on level 2 of the Dungeon.
             The game lasted 00:04:34 (96 turns).

Rhah the Stinger (Spriggan Venom Mage)                Turns: 96, Time: 00:04:35

Health: 0/9        AC:  2    Str:  4    XL:     1   Next: 50%
Magic:  0/5        EV: 17    Int: 16    God:
Gold:   5          SH:  0    Dex: 15    Spells: 4/5 levels left

rFire    . . .     SeeInvis +   b - staff of conjuration
rCold    . . .     Faith    .   (shield currently unavailable)
rNeg     . . .     Spirit   .   a - +0 robe
rPois    .         Reflect  .   (helmet restricted)
rElec    .         Harm     .   (no cloak)
rCorr    .         Rampage  .   (gloves unavailable)
Will     .....                  (boots unavailable)
Stlth    ++........             (no amulet)
HPRegen  0.03/turn              (no ring)
MPRegen  0.09/turn              (no ring)

@: very quick
A: very small, no large weapons, unfitting armour, see invisible, speed 3
a: no special abilities


You were on level 2 of the Dungeon.
You visited 1 branch of the dungeon, and saw 2 of its levels.

You collected 5 gold pieces.

Inventory:

Armour
 a - a +0 robe (worn)
Magical Staves
 b - a staff of conjuration (weapon)


   Skills:
 + Level 2.9 Dodging
 + Level 3.0 Stealth
 + Level 2.6 Spellcasting
 + Level 1.3 Transmutations
 + Level 3.2 Poison Magic


You had 4 spell levels left.
You knew the following spells:

 Your Spells              Type           Power      Damage    Failure   Level
a - Sting                 Tmut/Pois      36%        1d4       8%          1

Your spell library contained the following spells:

 Spells                   Type           Power      Damage    Failure   Level
 Poisonous Vapours        Pois/Air       14%        N/A       16%         2
 Ignite Poison            Fire/Tmut/Pois 7%         N/A       30%         3
 Mephitic Cloud           Conj/Pois/Air  8%         N/A       36%         3
 Olgreb's Toxic Radiance  Pois           12%        N/A       45%         4


Dungeon Overview and Level Annotations

Branches:
Dungeon (2/15)

Altars:


Innate Abilities, Weirdness & Mutations

You are very small and have problems with some larger weapons.
You are too small for most types of armour.
You have supernaturally acute eyesight. (SInv)
You cover ground extremely quickly. (Speed+++)


Message History

The bat hits you. The quokka barely misses you.
Aiming: Sting (safe; 8% risk of failure)
Press: ? - help, Q - select action Shift-Dir - straight line, f/p - bat
Aim: a bat (48% to evade)
The sting hits the bat but does no damage.
The bat is poisoned.
The bat hits you.
* * * LOW HITPOINT WARNING * * *
The quokka completely misses you. The bat hits you.
* * * LOW HITPOINT WARNING * * *
There is a stone staircase leading down here.
You don't have enough magic to cast this spell.
There are no items here.
Okay, then.
You don't have enough magic to cast this spell.
Unknown command.
Casting: Sting (safe; 8% risk of failure)
Confirm with . or Enter, or press ? or * to list all spells.
You don't know that spell.
Unknown command.
Unknown command.
Drop what? 2/52 slots (_ for help) (? for menu, Esc to quit)
Okay, then.
You are not religious.
You are not religious.
You are not religious.
Sorry, you're not good enough to have a special ability.
There are no items here.
There are no items here.
You can't go up here!
You kill the bat!
The endoplasm closely misses you. The quokka misses you.
You climb downwards.
A kobold comes into view. It is wielding a +0 short sword.
Found a fizzy golden potion.
There is a stone staircase leading up here.
A kobold comes into view. It is wielding a +0 dagger.
The endoplasm hits you.
You die...

. ..
############.###
.......<#......K
####...J@.......
#K###........ #
#........
#.!......
#.....###
#######


You could see an endoplasm and 2 kobolds.

Vanquished Creatures
  A ball python (D:1)
  A hobgoblin (D:1)
  A bat (D:1)
  A rat (D:1)
4 creatures vanquished.

Notes
Turn   | Place    | Note
-------+----------+-------------------------------------------
     0 | D:1      | Rhah the Spriggan Venom Mage began the quest for the Orb.
     0 | D:1      | Reached XP level 1. HP: 9/9 MP: 5/5
    96 | D:2      | Slain by an endoplasm

Illustrated notes

Levels and vault maps discovered:
D:1:      evilmike_arrival_plus, layout_rooms, basic_ecumenical_altar
D:2:      layout_basic

Action                   || total
-------------------------++-------
Melee: Staff             ||     5
 Cast: Sting             ||     6
Armor: Robe              ||     1
Dodge: Dodged            ||    24

Table legend: (Time is in decaauts)
 A = Elapsed time spent in this place.
 B = Non-inter-level travel time spent in this place.
 C = Inter-level travel time spent in this place.
 D = Time resting spent in this place.
 E = Time spent auto-exploring this place.
 F = Levels seen in this place.
 G = Mean time per level.
                   A        B        C        D        E       F      G
               +--------+--------+--------+--------+--------+-----+--------+
         Total |     65 |     36 |     29 |      0 |      0 |   2 |   32.5 |
       Dungeon |     65 |     36 |     29 |      0 |      0 |   2 |   32.5 |
               +--------+--------+--------+--------+--------+-----+--------+

Top non-repeatable levels by time:
     D:1: 64 daAuts
     D:2: 0 daAuts
